 Dungeon Crawl Stone Soup version 0.16.1-51-g6203257 (webtiles) character file.

6213 Ladykiller69 the Cleaver (level 11, -7/84 HPs)
             Began as a Formicid Fighter on July 6, 2015.
             Was a High Priest of Cheibriados.
             Mangled by a catoblepas (18 damage)
             ... on level 15 of the Dungeon.
             The game lasted 00:38:57 (9263 turns).

Ladykiller69 the Cleaver (Formicid Fighter)         Turns: 9263, Time: 00:38:57

Health: -7/84      AC: 15    Str: 36    XL:     11   Next: 14%
Magic:  15/15      EV:  9    Int: 20    God:    Cheibriados [*****.]
Gold:   1089       SH: 14    Dex: 22    Spells: 0 memorised, 10 levels left

rFire  . . .     SeeInvis +     a - +0 war axe
rCold  . . .     Clarity  .     f - +0 chain mail
rNeg   . . .     SustAb   .     c - +0 shield
rPois  .         Gourm    .     (helmet unavailable)
rElec  .         Spirit   .     B - +0 cloak
rCorr  .         Warding  .     E - +1 pair of gloves
rMut   .         Stasis   +     e - +0 pair of boots
MR     +....                    (no amulet)
Stlth  ..........               (no ring)
                                (no ring)

@: very slow, somewhat resistant to hostile enchantments, extremely unstealthy
A: permanent stasis, dig shafts and tunnels, four strong arms, antennae 3, claws
1, screaming 1
a: Dig, Shaft Self, Bend Time, Temporal Distortion, Slouch, Step From Time,
Renounce Religion


You were on level 15 of the Dungeon.
You worshipped Cheibriados.
Cheibriados was extremely pleased with you.
You were near starving.

You visited 2 branches of the dungeon, and saw 13 of its levels.
You also visited: Bailey.

You collected 1204 gold pieces.
You spent 115 gold pieces at shops.

Inventory:

Hand weapons
 a - a +0 war axe (weapon)
 F - a +0 flail
Missiles
 u - 7 tomahawks (quivered)
 y - 5 javelins of returning
Armour
 c - a +0 shield (worn)
 e - a +0 pair of boots (worn)
 f - a +0 chain mail (worn)
 B - a +0 cloak (worn)
 E - a +1 pair of gloves (worn)
 N - a +1 plate armour of cold resistance
Magical staves
 H - an uncursed staff of death {unknown}
Jewellery
 k - an uncursed ring of fire {unknown}
 p - a cursed amulet of resist mutation {unknown}
 r - an uncursed amulet of rage {unknown}
 C - an uncursed ring of sustain abilities {unknown}
Magical devices
 j - a wand of slowing (13)
 M - a wand of confusion (9)
 Q - a wand of digging (16)
 T - a wand of draining (0)
Scrolls
 l - 11 scrolls of identify {unknown}
 n - a scroll of brand weapon {unknown}
 q - 2 scrolls of immolation {unknown}
 s - 4 scrolls of remove curse {unknown}
 v - 4 scrolls of teleportation {unknown}
 z - 4 scrolls of noise {unknown}
 D - 3 scrolls of amnesia {unknown}
 G - 3 scrolls of enchant armour {unknown}
 I - a scroll of fear {unknown}
 J - a scroll of blinking {unknown}
 K - 2 scrolls of magic mapping
 R - a scroll of recharging {unknown}
Potions
 b - 2 potions of poison {unknown}
 g - 2 potions of curing
 h - a potion of brilliance
 i - a potion of heal wounds
 m - a potion of magic
 o - a potion of invisibility
 x - a potion of ambrosia
 A - a potion of haste
Books
 O - a book of Cantrips

   Spells                             Type                      Level
   a - Corona                         Hexes                        1
   b - Animate Skeleton               Necromancy                   1
   c - Summon Small Mammal            Summoning                    1
   d - Apportation                    Translocation                1
Comestibles
 d - 9 bread rations
 w - 2 meat rations
 L - 2 slices of pizza


   Skills:
 - Level 7.0 Fighting
 * Level 11.7 Axes
 - Level 7.0 Armour
 - Level 10.0 Shields


You had 10 spell levels left.
You didn't know any spells.

Dungeon Overview and Level Annotations

Branches:
Dungeon (15/15)            Temple (1/1) D:4            Lair (0/8) D:8
    Orc: D:9-12      Vaults: D:13-14     Depths: D:15

Altars:
Ashenzari
Cheibriados
Dithmenos
Elyvilon
Fedhas
Gozag
Kikubaaqudgha
Makhleb
Nemelex Xobeh
Okawaru
Qazlal
Ru
Sif Muna
Trog
Vehumet
Xom
Yredelemnul
Zin
The Shining One

Shops:
D:7 [

Annotations:
D:13 Fannar


Innate Abilities, Weirdness & Mutations

You are under a permanent stasis effect.
You can dig through walls and to a lower floor.
Your four strong arms can wield two-handed weapons with a shield.
You have a pair of large antennae on your head (SInv).
You have sharp fingernails.
You occasionally shout uncontrollably at your foes.


Message History

The catoblepas is moderately wounded.
You block the catoblepas' attack.
You slice the catoblepas!!
The catoblepas is severely wounded.
The catoblepas gores you!
* * * LOW HITPOINT WARNING * * *
You slash the catoblepas!
The catoblepas is almost dead.
You block the catoblepas' attack.
You hit the catoblepas but do no damage.
The catoblepas is almost dead.
You block the catoblepas' attack.
You hit the catoblepas but do no damage.
The catoblepas is almost dead.
The catoblepas breathes a plume of calcifying dust at you.
The blast of calcifying dust hits you!
Use which ability? (? or * to list)
You extend your mandibles.
You dig through the rock wall.
The catoblepas gores you!!
You die...

...$. ###.#.
#..... ###....# #
.##......+ ..
.........# ###.#
..........####...
..........{#Y#.#
..####...{#.#@.#
#....####....#
#....# ....#
###..# ....+ ....
#...# ≈≈≈≈≈ ...#
.≈≈#≈≈ ..## ≈≈≈≈
..#


You could see a catoblepas.

Vanquished Creatures
  Pikel (D:5)
  Psyche (D:9)
  The ghost of Razmath the Covered, an experienced VSFi of Makhleb (D:5)
  2 slime creatures (D:10)
  A spriggan (D:7)
  3 yaks (D:10)
  A shadow (D:13)
  Eustachio (D:6)
  Menkaure (D:6)
  The ghost of Razmath the Shield-Bearer, an average VSFi of Yredelemnul (D:4)
  2 necrophages
  A slave (D:5)
  A water moccasin (D:7)
  2 sky beasts
  4 orc warriors
  2 phantoms
  6 ogres
  2 black bears
  2 centaurs
  An ice beast (D:8)
  Duvessa (D:6)
  Blork the orc (D:7)
  A giant frog (D:8)
  A water moccasin skeleton (D:5)
  4 scorpions
  5 killer bees (D:8)
  7 crimson imps
  Dowan (D:6)
  A jelly (D:9)
  A centaur zombie (D:9)
  A giant frog zombie (D:10)
  4 hounds
  2 centaur skeletons
  A giant frog skeleton (D:10)
  2 orc priests (D:3)
  4 orc wizards
  4 worker ants
  Jessica (D:2)
  A hound zombie (D:6)
  2 hound skeletons (D:8)
  A worker ant zombie (D:7)
  12 adders
  A giant mite (D:3)
  2 shadow imps
  A worm (D:2)
  An adder zombie (D:6)
  5 giant geckos
  4 oozes
  14 orcs
  14 bats
  A bat zombie (D:8)
  8 giant cockroaches
  13 hobgoblins
  17 jackals
  5 quokkas
  A ball python (D:3)
  A giant gecko skeleton (D:9)
  A giant gecko zombie (D:3)
  2 giant newts
  A giant spore (D:8)
  16 goblins
  16 kobolds
  11 rats
  A ballistomycete (D:8)
  2 butterflies (D:8)
  A plant (D:8)
233 creatures vanquished.

Vanquished Creatures (others)
  An ogre (D:5)
  A giant spore (D:9)
2 creatures vanquished.

Grand Total: 235 creatures vanquished

Notes
Turn   | Place    | Note
--------------------------------------------------------------
     0 | D:1      | Ladykiller69, the Formicid Fighter, began the quest for the Orb.
     0 | D:1      | Reached XP level 1. HP: 18/18 MP: 1/1
    48 | D:1      | Reached XP level 2. HP: 22/24 MP: 3/3
   361 | D:1      | Reached XP level 3. HP: 29/29 MP: 4/4
   452 | D:2      | Reached skill level 4 in Shields
   489 | D:2      | Found a sparkling altar of Nemelex Xobeh.
   489 | D:2      | Noticed Jessica
   493 | D:2      | Killed Jessica
   529 | D:2      | Reached XP level 4. HP: 27/35 MP: 5/5
  1370 | D:3      | Reached XP level 5. HP: 42/42 MP: 7/7
  1572 | D:3      | You fall through a shaft!
  1572 | D:4      | Noticed an ogre
  1834 | D:3      | Noticed a centaur
  1852 | D:3      | Killed a centaur
  1852 | D:3      | Reached XP level 6. HP: 18/48 MP: 8/8
  2104 | D:3      | Reached skill level 5 in Shields
  2195 | D:4      | Found a staircase to the Ecumenical Temple.
  2206 | Temple   | Entered the Ecumenical Temple
  2246 | Temple   | Became a worshipper of Cheibriados the Contemplative
  2422 | D:5      | Entered Level 5 of the Dungeon
  2503 | D:6      | Reached XP level 7. HP: 13/55 MP: 9/9
  2719 | D:6      | Noticed Eustachio
  2734 | D:6      | Killed Eustachio
  2734 | D:6      | Reached skill level 5 in Fighting
  2734 | D:6      | Reached skill level 5 in Armour
  2752 | D:6      | Noticed Menkaure
  2764 | D:6      | Killed Menkaure
  2764 | D:6      | Reached skill level 5 in Axes
  2788 | D:6      | Reached XP level 8. HP: 52/62 MP: 11/11
  2806 | D:6      | You fall through a shaft!
  2867 | D:7      | Found Kuism's Armour Shop.
  2873 | D:7      | Bought a +1 pair of gloves for 115 gold pieces
  2951 | D:6      | Noticed a sky beast
  2958 | D:6      | Killed a sky beast
  2958 | D:6      | Reached skill level 6 in Shields
  3060 | D:6      | Noticed Dowan
  3062 | D:6      | Noticed Duvessa
  3075 | D:6      | Killed Duvessa
  3094 | D:6      | Killed Dowan
  3094 | D:6      | Acquired Cheibriados' first power
  3513 | D:4      | Noticed Razmath's ghost (average VSFi)
  3530 | D:4      | You fall through a shaft for 3 floors!
  4242 | D:5      | Reached XP level 9. HP: 69/69 MP: 12/12
  4509 | D:4      | Reached skill level 7 in Shields
  4537 | D:4      | Killed an ogre
  4547 | D:4      | Killed Razmath's ghost
  4884 | D:5      | Noticed Razmath's ghost (experienced VSFi)
  4902 | D:5      | Killed Razmath's ghost
  5085 | D:5      | Noticed a slave
  5093 | D:5      | Killed a slave
  5094 | D:5      | Noticed Pikel
  5099 | D:5      | Noticed a slave
  5102 | D:5      | Noticed a slave
  5106 | D:5      | Killed Pikel
  5106 | D:5      | Acquired Cheibriados' second power
  5106 | D:5      | Reached skill level 8 in Axes
  5124 | D:5      | Noticed a freed slave
  5674 | D:7      | Noticed a spriggan baker
  5674 | D:7      | Noticed Blork the orc
  5684 | D:7      | Killed a spriggan baker
  5684 | D:7      | Reached XP level 10. HP: 71/79 MP: 13/13
  5691 | D:7      | Killed Blork the orc
  6014 | D:8      | Reached skill level 9 in Axes
  6302 | D:8      | Found a burning altar of Makhleb.
  6323 | D:8      | Acquired Cheibriados' third power
  6700 | D:8      | Found a staircase to the Lair.
  6835 | D:9      | Found a flagged portal.
  6842 | Bailey   | Entered a bailey
  7391 | D:9      | Reached skill level 10 in Axes
  8029 | D:9      | You fall through a shaft!
  8029 | D:10     | Entered Level 10 of the Dungeon
  8078 | D:10     | Acquired Cheibriados' fourth power
  8328 | D:10     | Noticed a hill giant
  8446 | D:9      | Reached skill level 11 in Axes
  8511 | D:9      | Reached skill level 10 in Shields
  8511 | D:9      | Reached XP level 11. HP: 84/84 MP: 15/15
  8924 | D:9      | Noticed Psyche
  8932 | D:9      | Killed Psyche
  9231 | D:10     | You fall through a shaft for 3 floors!
  9231 | D:13     | Noticed Fannar
  9234 | D:13     | Gained mutation: You occasionally shout uncontrollably at your foes. [potion of mutation]
  9234 | D:13     | Gained mutation: You have sharp fingernails. [potion of mutation]
  9247 | D:13     | You fall through a shaft for 2 floors!
  9247 | D:15     | Entered Level 15 of the Dungeon
  9247 | D:15     | Noticed a catoblepas
  9263 | D:15     | Mangled by a catoblepas

Action                   |  1- 3 |  4- 6 |  7- 9 | 10-12 || total
-------------------------+-------+-------+-------+-------++-------
Melee: War axe           |    92 |   217 |   312 |   336 ||   957
Throw: Javelin           |       |       |     4 |       ||     4
       Tomahawk          |       |       |       |     2 ||     2
 Abil: Dig               |     2 |    12 |    20 |    10 ||    44
       Shaft Self        |       |     1 |     1 |     2 ||     4
Evoke: Wand              |       |       |       |     1 ||     1
  Use: Potion            |       |     1 |     1 |    12 ||    14
       Scroll            |       |       |     1 |       ||     1
  Eat: Chunk             |       |     8 |     8 |     7 ||    23
       Beef jerky        |       |       |     2 |       ||     2
       Fruit             |       |       |       |     1 ||     1
